Bears vs Thunderbirds
Created - June 1, 2023 at 19:17
Goals
|
| Bears |
0 |
2 |
4 |
6 |
| Thunderbirds |
3 |
4 |
2 |
9 |
|
Shots
|
| Bears |
5 |
17 |
17 |
39 |
| Thunderbirds |
8 |
10 |
11 |
29 |
|
1st period
1. Thunderbirds , Elias Lindholm 30 (Drake Batherson 54, Kirill Kaprizov 66) at 3:44 (PP)
2. Thunderbirds , Kirill Kaprizov 35 (Elias Lindholm 37, Griffin Reinhart 50) at 5:31
3. Thunderbirds , Kirill Kaprizov 36 (Timothy Liljegren 33) at 19:42
Penalties :
Derek Forbort (Her) for Holding (Minor) at 2:41, Sam Carrick (Her) for Hooking (Minor) at 15:08
2nd period
4. Bears , Sam Carrick 35 (Kerby Rychel 55) at 1:21 (PP)
5. Thunderbirds , Drake Batherson 58 (Elias Lindholm 38) at 5:18
6. Thunderbirds , Morgan Frost 11 (Tanner Laczynski 10, Radim Simek 15) at 11:19
7. Thunderbirds , Anthony Beauvillier 31 (Griffin Reinhart 51) at 13:55
8. Thunderbirds , Drake Batherson 59 (Kirill Kaprizov 67, Timothy Liljegren 34) at 14:48
9. Bears , Nicolas Aube-Kubel 33 (Gianluca Curcuruto 8, A.J. Jenks 37) at 18:53
Penalties :
Radim Simek (Spr) for High sticking (Minor) at 1:15, Kirill Kaprizov (Spr) for Roughing (Minor) at 5:40
3rd period
10. Thunderbirds , Petr Straka 38 (Jacob Larsson 12, Dominik Kahun 30) at 2:32
11. Thunderbirds , Anthony Beauvillier 32 (Blake Geoffrion 21) at 4:17
12. Bears , Nicolas Aube-Kubel 34 (Angelo Esposito 30, A.J. Jenks 38) at 7:16 (PP)
13. Bears , Vincent Dunn 7 (Mike Hoffman 32, Jake Allen) at 10:39
14. Bears , A.J. Jenks 36 (Nicolas Aube-Kubel 43, Angelo Esposito 31) at 10:56
15. Bears , Nicolas Aube-Kubel 35 (A.J. Jenks 39) at 17:52
Penalties :
Kale Clague (Spr) for Roughing (Minor) at 5:30
Goalie Stats
Jake Allen (Her), 14 saves from 19 shots - (0.737), 42:46 minutes
Sami Aittokallio (Her), 6 saves from 10 shots - (0.600), L, 17-11-2, 17:14 minutes
Carter Hutton (Spr), 33 saves from 39 shots - (0.846), W, 40-16-4, 60:00 minutes
Players Stats for Bears
Player Name G A P +/- PIM S H SB GA TA FO MP PP MP PK MP
------------------------------------------------------------------------------------
A.J. Jenks 1 3 4 1 0 3 4 0 0 1 2/3 18:41 2:02 0:48
Angelo Esposito 0 2 2 1 0 0 0 0 0 0 9/29 18:30 2:02 1:01
Austin Czarnik 0 0 0 -2 0 4 1 1 1 0 0/1 8:14 0:00 0:00
Colby Cave 0 0 0 -2 0 0 0 0 0 0 2/4 9:23 0:00 0:45
Derek Forbort 0 0 0 -1 2 0 3 4 0 0 0/0 19:35 1:36 1:04
Gianluca Curcuruto 0 1 1 0 0 0 2 0 0 0 0/0 10:31 0:00 0:00
Jamie McGinn 0 0 0 -2 0 5 2 0 1 1 0/0 8:43 0:00 0:29
Joey Laleggia 0 0 0 -3 0 5 0 1 0 1 0/0 29:53 2:15 1:58
Joshua Leivo 0 0 0 -2 0 1 2 0 0 0 0/0 11:00 0:00 0:00
Kerby Rychel 0 1 1 -1 0 2 1 0 0 2 1/4 19:51 1:49 0:00
Max Friberg 0 0 0 -1 0 3 0 1 2 2 0/1 21:36 1:49 1:45
Michael Prapavessis 0 0 0 0 0 0 0 0 0 0 0/0 10:31 0:00 0:00
Mike Hoffman 0 1 1 -2 0 2 0 0 0 1 0/1 11:00 0:00 0:00
Mikko Vainonen 0 0 0 -3 0 3 1 3 0 2 0/0 29:39 2:15 1:44
Nicolas Aube-Kubel 3 1 4 1 0 5 0 0 0 0 0/0 17:58 2:02 0:29
Sam Carrick 1 0 1 -1 2 3 1 0 1 1 11/31 21:01 1:49 0:47
Tommy Vannelli 0 0 0 -1 0 1 0 0 0 2 0/0 19:50 1:36 1:18
Vincent Dunn 1 0 1 -2 0 2 0 0 0 0 0/4 11:00 0:00 0:00
Players Stats for Thunderbirds
Player Name G A P +/- PIM S H SB GA TA FO MP PP MP PK MP
------------------------------------------------------------------------------------
Anthony Beauvillier 2 0 2 1 0 4 2 0 0 0 0/2 16:40 1:11 0:39
Blake Geoffrion 0 1 1 1 0 3 1 0 4 0 0/0 17:22 1:16 0:55
Dominik Kahun 0 1 1 1 0 0 1 1 0 0 1/1 11:08 0:05 0:00
Drake Batherson 2 1 3 3 0 8 1 1 3 0 4/4 21:31 1:51 0:00
Elias Lindholm 1 2 3 3 0 2 3 1 0 0 25/39 23:48 1:51 2:17
Filip Hronek 0 0 0 0 0 2 3 2 0 1 0/0 29:52 2:03 2:35
Griffin Reinhart 0 2 2 0 0 1 3 5 1 1 0/0 28:27 2:03 1:16
Jacob Larsson 0 1 1 3 0 0 2 2 0 0 0/0 12:12 0:59 0:30
Kale Clague 0 0 0 3 2 0 2 1 0 0 0/0 11:01 0:00 0:52
Kirill Kaprizov 2 2 4 3 2 3 3 3 0 0 3/3 21:42 1:41 0:00
Morgan Frost 1 0 1 -1 0 1 0 0 0 0 6/9 7:36 0:00 0:01
Morgan Geekie 0 0 0 1 0 0 1 0 1 0 1/1 11:02 0:00 0:00
Patrick Brown 0 0 0 1 0 0 5 0 1 0 11/17 16:40 1:11 0:39
Petr Straka 1 0 1 1 0 3 1 0 0 0 2/2 11:56 0:00 0:54
Radim Simek 0 1 1 1 2 0 2 2 0 0 0/0 19:59 0:00 2:29
Tanner Laczynski 0 1 1 -1 0 0 0 0 1 1 0/0 7:13 0:00 0:00
Timothy Liljegren 0 2 2 1 0 1 1 4 2 1 0/0 18:27 0:59 0:00
Tyson Jost 0 0 0 -1 0 1 0 1 0 1 0/0 9:30 0:00 2:17
3 Stars
1 - Kirill Kaprizov (Spr)
2 - Drake Batherson (Spr)
3 - Elias Lindholm (Spr)
Power Play
Bears - 2 on 3 Attempt(s) - 66.67%
Thunderbirds - 1 on 2 Attempt(s) - 50.00%
Penalty Kill
Bears - 1 on 2 Attempt(s) - 50.00%
- Score 0 goal in Penalty Kill
Thunderbirds - 1 on 3 Attempt(s) - 33.33%
- Score 0 goal in Penalty Kill
Team Stat
Bears - Hits : 17 - Faceoff Wins : 25 - Blocked Shots : 10 - Penalty Minutes : 4
Thunderbirds - Hits : 31 - Faceoff Wins : 53 - Blocked Shots : 23 - Penalty Minutes : 6
Official
Referees : Reid Anderson and TJ Luxmore
Linesman : Shandor Alphonso and Devin Berg
Game Notes
Sami Aittokallio enters game at 5:18 of 2nd period
Jake Allen enters game at 2:32 of 3rd period
Nicolas Aube-Kubel has scored a Hat Trick!
Finance
Level 1 -- Attendance: 1848 (92.40%) -- Ticket Income $64,680
Level 2 -- Attendance: 1000 (100.00%) -- Ticket Income $15,000
Total Attendance: 2848 (94.93%)
Total Ticket Income: $79,680
Other Income: $3,984
Total Income: $83,664
Bears
5 vs 5 Forward
Center Left Wing Right Wing Time % Phy DF OF
1 Sam Carrick Kerby Rychel Max Friberg 35 0 0 5
2 Angelo Esposito A.J. Jenks Nicolas Aube-Kubel 30 0 0 5
3 Vincent Dunn Mike Hoffman Joshua Leivo 20 0 1 4
4 Colby Cave Jamie McGinn Austin Czarnik 15 0 2 3
5 vs 5 Defense
Defense Defense Time % Phy DF OF
1 Joey Laleggia Mikko Vainonen 40 0 2 3
2 Tommy Vannelli Derek Forbort 30 0 3 2
3 Gianluca Curcuruto Michael Prapavessis 20 0 3 2
4 Joey Laleggia Mikko Vainonen 10 0 3 2
PowerPlay Forward
Center Left Wing Right Wing Time % Phy DF OF
1 Sam Carrick Kerby Rychel Max Friberg 60 0 0 5
2 Angelo Esposito A.J. Jenks Nicolas Aube-Kubel 40 0 0 5
PowerPlay Defense
Defense Defense Time % Phy DF OF
1 Joey Laleggia Mikko Vainonen 60 0 2 3
2 Tommy Vannelli Derek Forbort 40 0 2 3
Penalty Kill 4 Players Forward
Center Wing Time % Phy DF OF
1 Sam Carrick Max Friberg 60 0 4 1
2 Jamie McGinn Nicolas Aube-Kubel 40 0 4 1
Penalty Kill 4 Players Defense
Defense Defense Time % Phy DF OF
1 Joey Laleggia Mikko Vainonen 60 0 4 1
2 Tommy Vannelli Derek Forbort 40 0 4 1
Penalty Kill - 3 Players Forward
Forward Time % Phy DF OF
1 Sam Carrick 60 0 5 0
2 Max Friberg 40 0 5 0
Penalty Kill - 3 Players Defense
Defense Defense Time % Phy DF OF
1 Joey Laleggia Mikko Vainonen 60 0 5 0
2 Tommy Vannelli Derek Forbort 40 0 5 0
4 vs 4 Forward
Center Wing Time % Phy DF OF
1 Sam Carrick Max Friberg 60 0 0 5
2 Angelo Esposito Kerby Rychel 40 0 0 5
4 vs 4 Defense
Defense Defense Time % Phy DF OF
1 Joey Laleggia Mikko Vainonen 60 0 2 3
2 Tommy Vannelli Derek Forbort 40 0 3 2
Last Minutes Offensive
Center Left Wing Right Wing Defense Defense
Sam Carrick Kerby Rychel Max Friberg Joey Laleggia Mikko Vainonen
Last Minutes Defensive
Center Left Wing Right Wing Defense Defense
Sam Carrick Jamie McGinn Max Friberg Joey Laleggia Mikko Vainonen
Goaltenders
Starting : Jake Allen
Backup : Sami Aittokallio
Extra Forwards
Normal : Max Friberg, Nicolas Aube-Kubel, Sam Carrick - PP : Max Friberg, Sam Carrick - PK : Max Friberg
Extra Defensemen
Normal : Gianluca Curcuruto, Joey Laleggia, Tommy Vannelli - PP : Gianluca Curcuruto - PK : Joey Laleggia, Tommy Vannelli
Penalty Shots
Joshua Leivo, Nicolas Aube-Kubel, A.J. Jenks, Max Friberg, Sam Carrick
Scratches
Austin Wuthrich (Healthy), Brett Bulmer (Healthy), Emil Johansson (Healthy), Jesper Pettersson (Healthy), David Farrance (Healthy)
Mackenze Stewart (Healthy), Zack Hayes (Healthy), Jacob Bryson (Healthy), Mario Ferraro (Healthy), Will Reilly (Healthy)
Kristians Rubins (Healthy), Nikolay Prokhorkin (Healthy), Ryan Graves (Healthy), Isaac Ratcliffe (Healthy), Cole Smith (Healthy)
Warren Foegele (Healthy), Logan O'Connor (Healthy), Nicholas Caamano (Healthy), Jakob Stenqvist (Healthy), Arvid Henrikson (Healthy)
Kirill Maksimov (Healthy)
Thunderbirds
5 vs 5 Forward
Center Left Wing Right Wing Time % Phy DF OF
1 Elias Lindholm Kirill Kaprizov Drake Batherson 40 0 2 3
2 Patrick Brown Blake Geoffrion Anthony Beauvillier 30 0 2 3
3 Morgan Geekie Dominik Kahun Petr Straka 20 0 2 3
4 Morgan Frost Tyson Jost Tanner Laczynski 10 0 2 3
5 vs 5 Defense
Defense Defense Time % Phy DF OF
1 Griffin Reinhart Filip Hronek 40 0 2 3
2 Radim Simek Timothy Liljegren 30 0 2 3
3 Jacob Larsson Kale Clague 20 0 2 3
4 Griffin Reinhart Filip Hronek 10 0 2 3
PowerPlay Forward
Center Left Wing Right Wing Time % Phy DF OF
1 Elias Lindholm Kirill Kaprizov Drake Batherson 60 0 1 4
2 Patrick Brown Blake Geoffrion Anthony Beauvillier 40 0 1 4
PowerPlay Defense
Defense Defense Time % Phy DF OF
1 Griffin Reinhart Filip Hronek 60 0 2 3
2 Jacob Larsson Timothy Liljegren 40 0 2 3
Penalty Kill 4 Players Forward
Center Wing Time % Phy DF OF
1 Elias Lindholm Tyson Jost 60 1 3 1
2 Patrick Brown Anthony Beauvillier 40 1 3 1
Penalty Kill 4 Players Defense
Defense Defense Time % Phy DF OF
1 Radim Simek Filip Hronek 60 1 3 1
2 Griffin Reinhart Kale Clague 40 1 3 1
Penalty Kill - 3 Players Forward
Forward Time % Phy DF OF
1 Tyson Jost 60 1 3 1
2 Anthony Beauvillier 40 1 3 1
Penalty Kill - 3 Players Defense
Defense Defense Time % Phy DF OF
1 Radim Simek Filip Hronek 60 1 4 0
2 Griffin Reinhart Kale Clague 40 1 4 0
4 vs 4 Forward
Center Wing Time % Phy DF OF
1 Elias Lindholm Kirill Kaprizov 60 0 2 3
2 Patrick Brown Drake Batherson 40 0 2 3
4 vs 4 Defense
Defense Defense Time % Phy DF OF
1 Radim Simek Filip Hronek 60 0 2 3
2 Griffin Reinhart Kale Clague 40 0 2 3
Last Minutes Offensive
Center Left Wing Right Wing Defense Defense
Elias Lindholm Kirill Kaprizov Drake Batherson Griffin Reinhart Filip Hronek
Last Minutes Defensive
Center Left Wing Right Wing Defense Defense
Elias Lindholm Tyson Jost Anthony Beauvillier Radim Simek Filip Hronek
Goaltenders
Starting : Carter Hutton
Backup : Phoenix Copley
Extra Forwards
Normal : Drake Batherson, Kirill Kaprizov, Anthony Beauvillier - PP : Anthony Beauvillier, Kirill Kaprizov - PK : Petr Straka
Extra Defensemen
Normal : Timothy Liljegren, Griffin Reinhart, Filip Hronek - PP : Kale Clague - PK : Jacob Larsson, Radim Simek
Penalty Shots
Drake Batherson, Tanner Laczynski, Petr Straka, Patrick Brown, Anthony Beauvillier
Scratches
Austin Poganski (Healthy), Adam Ruzicka (Healthy), Charles Hudon (Healthy), Jake Walman (Healthy), Matt Puempel (Healthy)
Mitchell Heard (Healthy), Nicklas Jensen (Healthy), Grant Hutton (Healthy), Roberts Lipsbergs (Healthy), Shane Prince (Healthy)
Viktor Baldayev (Healthy), Calvin Thurkauf (Healthy), Dylan Gambrell (Healthy), Artur Kayumov (Healthy)
% Time on Ice - Bears
Lines # - Real PCT - Wanted PCT - Time Play
Normal Forward
1 - 35% - 35% - 18:26
2 - 29% - 30% - 15:27
3 - 21% - 20% - 11:00
4 - 16% - 15% - 8:14
Normal Defense
1 - 41% - 40% - 21:53
2 - 32% - 30% - 16:56
3 - 20% - 20% - 10:31
4 - 7% - 10% - 3:47
PP Forward
1 - 47% - 60% - 1:49
2 - 53% - 40% - 2:02
PP Defense
1 - 58% - 60% - 2:15
2 - 42% - 40% - 1:36
PK Forward
1 - 84% - 60% - 2:33
2 - 16% - 40% - 0:29
PK Defense
1 - 57% - 60% - 1:44
2 - 43% - 40% - 1:18
PK3 Forward
1 - 0% - 60%
2 - 0% - 40%
PK3 Defense
1 - 0% - 60%
2 - 0% - 40%
44 Forward
1 - 0% - 60%
2 - 0% - 40%
44 Defense
1 - 0% - 60%
2 - 0% - 40%
Last Minute Offensive - 0:00
Last Minute Defensive - 0:00
Total
Forward - 60:00
Defense - 60:00
|
% Time on Ice - Thunderbirds
Lines # - Real PCT - Wanted PCT - Time Play
Normal Forward
1 - 38% - 40% - 20:02
2 - 28% - 30% - 14:50
3 - 21% - 20% - 11:02
4 - 14% - 10% - 7:13
Normal Defense
1 - 41% - 40% - 21:49
2 - 32% - 30% - 16:50
3 - 20% - 20% - 10:39
4 - 7% - 10% - 3:49
PP Forward
1 - 61% - 60% - 1:51
2 - 39% - 40% - 1:11
PP Defense
1 - 68% - 60% - 2:03
2 - 32% - 40% - 0:59
PK Forward
1 - 83% - 60% - 3:12
2 - 17% - 40% - 0:39
PK Defense
1 - 67% - 60% - 2:35
2 - 33% - 40% - 1:16
PK3 Forward
1 - 0% - 60%
2 - 0% - 40%
PK3 Defense
1 - 0% - 60%
2 - 0% - 40%
44 Forward
1 - 0% - 60%
2 - 0% - 40%
44 Defense
1 - 0% - 60%
2 - 0% - 40%
Last Minute Offensive - 0:00
Last Minute Defensive - 0:00
Total
Forward - 60:00
Defense - 60:00
|
Play-by-Play
1st period
0:01 of 1st period - Drake Batherson wins face-off versus Sam Carrick in neutral zone.
0:45 of 1st period - Wrist shot by Mike Hoffman.
0:45 of 1st period - Stopped by Carter Hutton with a rebound.
0:47 of 1st period - Wrist shot by Joshua Leivo.
0:47 of 1st period - Shot Misses the Net.
0:56 of 1st period - Off-side.
0:57 of 1st period - Colby Cave wins face-off versus Morgan Frost in neutral zone.
1:22 of 1st period - Michael Prapavessis is hit by Kirill Kaprizov and loses puck.
2:08 of 1st period - Mikko Vainonen is hit by Petr Straka and loses puck.
2:31 of 1st period - Wrist shot by Kirill Kaprizov.
2:31 of 1st period - Shot Misses the Net.
2:33 of 1st period - Wrist shot by Kirill Kaprizov.
2:33 of 1st period - Shot Blocked by Derek Forbort.
2:35 of 1st period - Slapshot by Jacob Larsson.
2:35 of 1st period - Shot Misses the Net.
2:41 of 1st period - Minor Penalty to Derek Forbort for Holding.
2:42 of 1st period - Kirill Kaprizov wins face-off versus Sam Carrick in Bears zone.
2:45 of 1st period - Wrist shot by Drake Batherson.
2:45 of 1st period - Stopped by Jake Allen with a rebound.
2:57 of 1st period - Wrist shot by Drake Batherson.
2:57 of 1st period - Stopped by Jake Allen without a rebound.
2:58 of 1st period - Sam Carrick wins face-off versus Patrick Brown in Bears zone.
3:23 of 1st period - Griffin Reinhart is hit by Jamie McGinn and loses puck.
3:30 of 1st period - Slapshot by Filip Hronek.
3:30 of 1st period - Stopped by Jake Allen without a rebound.
3:31 of 1st period - Elias Lindholm wins face-off versus Sam Carrick in Bears zone.
3:44 of 1st period - Wrist shot by Elias Lindholm.
3:44 of 1st period - Goal by Elias Lindholm - Bears : 0 - Thunderbirds : 1.
3:45 of 1st period - Elias Lindholm wins face-off versus Sam Carrick in neutral zone.
3:50 of 1st period - Joey Laleggia is hit by Filip Hronek and loses puck.
4:38 of 1st period - Timothy Liljegren is hit by Gianluca Curcuruto and loses puck.
4:50 of 1st period - Icing by Michael Prapavessis.
4:51 of 1st period - Morgan Geekie wins face-off versus Austin Czarnik in Bears zone.
4:54 of 1st period - Snap shot by Petr Straka.
4:54 of 1st period - Shot Misses the Net.
4:56 of 1st period - Snap shot by Elias Lindholm.
4:56 of 1st period - Shot Misses the Net.
4:58 of 1st period - Snap shot by Elias Lindholm.
4:58 of 1st period - Deflect By Kirill Kaprizov.
4:58 of 1st period - Shot Misses the Net.
4:58 of 1st period - Puck is out of play.
4:59 of 1st period - Elias Lindholm wins face-off versus Sam Carrick in Bears zone.
5:00 of 1st period - Wrist shot by Drake Batherson.
5:00 of 1st period - Stopped by Jake Allen without a rebound.
5:01 of 1st period - Sam Carrick wins face-off versus Elias Lindholm in Bears zone.
5:29 of 1st period - Wrist shot by Kirill Kaprizov.
5:29 of 1st period - Shot Misses the Net.
5:31 of 1st period - Snap shot by Elias Lindholm.
5:31 of 1st period - Deflect By Kirill Kaprizov.
5:31 of 1st period - Goal by Kirill Kaprizov - Bears : 0 - Thunderbirds : 2.
5:32 of 1st period - Patrick Brown wins face-off versus Angelo Esposito in neutral zone.
5:58 of 1st period - Kerby Rychel is hit by Griffin Reinhart and loses puck.
6:07 of 1st period - Wrist shot by Kerby Rychel.
6:07 of 1st period - Shot Blocked by Kirill Kaprizov.
6:38 of 1st period - Slapshot by Jamie McGinn.
6:38 of 1st period - Stopped by Carter Hutton without a rebound.
6:39 of 1st period - Morgan Frost wins face-off versus Colby Cave in Thunderbirds zone.
7:04 of 1st period - A.J. Jenks is hit by Blake Geoffrion and loses puck.
7:49 of 1st period - Off-side.
7:50 of 1st period - Patrick Brown wins face-off versus A.J. Jenks in neutral zone.
7:53 of 1st period - Snap shot by Blake Geoffrion.
7:53 of 1st period - Stopped by Jake Allen without a rebound.
7:54 of 1st period - Patrick Brown wins face-off versus Angelo Esposito in Bears zone.
8:05 of 1st period - Slapshot by Joey Laleggia.
8:05 of 1st period - Deflect By Nicolas Aube-Kubel.
8:05 of 1st period - Shot Blocked by Filip Hronek.
8:05 of 1st period - Puck is out of play.
8:06 of 1st period - Elias Lindholm wins face-off versus Sam Carrick in Thunderbirds zone.
8:52 of 1st period - Slapshot by Petr Straka.
8:52 of 1st period - Shot Misses the Net.
9:00 of 1st period - Slapshot by Petr Straka.
9:00 of 1st period - Shot Misses the Net.
9:18 of 1st period - Snap shot by Mike Hoffman.
9:18 of 1st period - Shot Misses the Net.
9:20 of 1st period - Slapshot by Joey Laleggia.
9:20 of 1st period - Shot Blocked by Tyson Jost.
9:22 of 1st period - Slapshot by Joey Laleggia.
9:22 of 1st period - Shot Misses the Net.
11:02 of 1st period - Snap shot by Drake Batherson.
11:02 of 1st period - Shot Misses the Net.
12:45 of 1st period - A.J. Jenks is hit by Radim Simek and loses puck.
13:17 of 1st period - Drake Batherson is hit by Jamie McGinn and loses puck.
13:30 of 1st period - Jamie McGinn is hit by Jacob Larsson.
13:42 of 1st period - Wrist shot by Nicolas Aube-Kubel.
13:42 of 1st period - Stopped by Carter Hutton with a rebound.
14:01 of 1st period - Jacob Larsson is hit by Derek Forbort and loses puck.
14:37 of 1st period - Joey Laleggia is hit by Elias Lindholm and loses puck.
14:44 of 1st period - Snap shot by Kirill Kaprizov.
14:44 of 1st period - Shot Misses the Net.
14:46 of 1st period - Wrist shot by Kirill Kaprizov.
14:46 of 1st period - Deflect By Drake Batherson.
14:46 of 1st period - Shot Blocked by Joey Laleggia.
14:46 of 1st period - Puck is out of play.
14:47 of 1st period - Patrick Brown wins face-off versus Sam Carrick in Bears zone.
14:54 of 1st period - Snap shot by Anthony Beauvillier.
14:54 of 1st period - Shot Misses the Net.
14:58 of 1st period - Snap shot by Anthony Beauvillier.
14:58 of 1st period - Shot Blocked by Derek Forbort.
15:08 of 1st period - Minor Penalty to Sam Carrick for Hooking.
15:09 of 1st period - Angelo Esposito wins face-off versus Elias Lindholm in Bears zone.
17:08 of 1st period - Penalty to Sam Carrick is over, Sam Carrick is back on ice.
17:37 of 1st period - Wrist shot by Joshua Leivo.
17:37 of 1st period - Deflect By Mike Hoffman.
17:37 of 1st period - Shot Blocked by Radim Simek.
17:37 of 1st period - Puck is out of play.
17:38 of 1st period - Morgan Frost wins face-off versus Vincent Dunn in Thunderbirds zone.
17:51 of 1st period - Snap shot by Tanner Laczynski.
17:51 of 1st period - Shot Misses the Net.
17:56 of 1st period - Icing by Mikko Vainonen.
17:57 of 1st period - Drake Batherson wins face-off versus Mike Hoffman in Bears zone.
18:26 of 1st period - Wrist shot by Max Friberg.
18:26 of 1st period - Shot Misses the Net.
18:28 of 1st period - Wrist shot by Max Friberg.
18:28 of 1st period - Shot Blocked by Timothy Liljegren.
18:30 of 1st period - Snap shot by Max Friberg.
18:30 of 1st period - Shot Misses the Net.
18:32 of 1st period - Snap shot by Sam Carrick.
18:32 of 1st period - Shot Blocked by Timothy Liljegren.
18:34 of 1st period - Backhand shot by Joey Laleggia.
18:34 of 1st period - Stopped by Carter Hutton without a rebound.
18:35 of 1st period - Angelo Esposito wins face-off versus Elias Lindholm in Thunderbirds zone.
18:56 of 1st period - A.J. Jenks is hit by Kirill Kaprizov and loses puck.
19:36 of 1st period - Off-side.
19:37 of 1st period - Kirill Kaprizov wins face-off versus Angelo Esposito in neutral zone.
19:40 of 1st period - Slapshot by Timothy Liljegren.
19:40 of 1st period - Shot Misses the Net.
19:42 of 1st period - Snap shot by Kirill Kaprizov.
19:42 of 1st period - Goal by Kirill Kaprizov - Bears : 0 - Thunderbirds : 3.
19:43 of 1st period - Elias Lindholm wins face-off versus Angelo Esposito in neutral zone.
19:46 of 1st period - A.J. Jenks is hit by Filip Hronek and loses puck.
19:55 of 1st period - Wrist shot by A.J. Jenks.
19:55 of 1st period - Shot Blocked by Griffin Reinhart.
19:57 of 1st period - Slapshot by Mikko Vainonen.
19:57 of 1st period - Stopped by Carter Hutton without a rebound.
19:58 of 1st period - Sam Carrick wins face-off versus Patrick Brown in Thunderbirds zone.
19:59 of 1st period - Wrist shot by Max Friberg.
19:59 of 1st period - Shot Misses the Net.
Goals for this period are 0 for Bears vs 3 for Thunderbirds.
Shots for this period are 5 for Bears vs 8 for Thunderbirds.
2nd period
0:01 of 2nd period - Elias Lindholm wins face-off versus Kerby Rychel in neutral zone.
0:06 of 2nd period - Snap shot by Drake Batherson.
0:06 of 2nd period - Shot Misses the Net.
0:34 of 2nd period - Snap shot by Patrick Brown.
0:34 of 2nd period - Deflect By Anthony Beauvillier.
0:34 of 2nd period - Stopped by Jake Allen without a rebound.
0:35 of 2nd period - Patrick Brown wins face-off versus Angelo Esposito in Bears zone.
0:36 of 2nd period - Wrist shot by Blake Geoffrion.
0:36 of 2nd period - Shot Misses the Net.
1:15 of 2nd period - Minor Penalty to Radim Simek for High sticking.
1:16 of 2nd period - Sam Carrick wins face-off versus Elias Lindholm in Thunderbirds zone.
1:19 of 2nd period - Slapshot by Kerby Rychel.
1:19 of 2nd period - Shot Misses the Net.
1:21 of 2nd period - Snap shot by Sam Carrick.
1:21 of 2nd period - Goal by Sam Carrick - Bears : 1 - Thunderbirds : 3.
1:22 of 2nd period - Elias Lindholm wins face-off versus Max Friberg in neutral zone.
1:47 of 2nd period - Nicolas Aube-Kubel is hit by Patrick Brown and loses puck.
1:54 of 2nd period - Wrist shot by Anthony Beauvillier.
1:54 of 2nd period - Stopped by Jake Allen without a rebound.
1:55 of 2nd period - Patrick Brown wins face-off versus Sam Carrick in Bears zone.
2:02 of 2nd period - Kerby Rychel is hit by Anthony Beauvillier and loses puck.
2:32 of 2nd period - Snap shot by Elias Lindholm.
2:32 of 2nd period - Shot Misses the Net.
2:54 of 2nd period - Vincent Dunn is hit by Griffin Reinhart and loses puck.
3:09 of 2nd period - Wrist shot by Jamie McGinn.
3:09 of 2nd period - Shot Misses the Net.
3:11 of 2nd period - Snap shot by Austin Czarnik.
3:11 of 2nd period - Stopped by Carter Hutton without a rebound.
3:12 of 2nd period - Colby Cave wins face-off versus Morgan Frost in Thunderbirds zone.
3:13 of 2nd period - Snap shot by Jamie McGinn.
3:13 of 2nd period - Stopped by Carter Hutton with a rebound.
3:15 of 2nd period - Slapshot by Gianluca Curcuruto.
3:15 of 2nd period - Shot Misses the Net.
3:21 of 2nd period - Wrist shot by Jamie McGinn.
3:21 of 2nd period - Shot Misses the Net.
3:23 of 2nd period - Slapshot by Jamie McGinn.
3:23 of 2nd period - Stopped by Carter Hutton without a rebound.
3:24 of 2nd period - Sam Carrick wins face-off versus Elias Lindholm in Thunderbirds zone.
3:25 of 2nd period - Slapshot by Kerby Rychel.
3:25 of 2nd period - Stopped by Carter Hutton with a rebound.
3:27 of 2nd period - Snap shot by Sam Carrick.
3:27 of 2nd period - Stopped by Carter Hutton without a rebound.
3:28 of 2nd period - Elias Lindholm wins face-off versus Sam Carrick in Thunderbirds zone.
3:55 of 2nd period - Anthony Beauvillier is hit by A.J. Jenks and loses puck.
4:18 of 2nd period - Snap shot by Joshua Leivo.
4:18 of 2nd period - Stopped by Carter Hutton with a rebound.
4:32 of 2nd period - Joshua Leivo is hit by Dominik Kahun and loses puck.
4:51 of 2nd period - Wrist shot by Jamie McGinn.
4:51 of 2nd period - Shot Blocked by Timothy Liljegren.
5:06 of 2nd period - Snap shot by Timothy Liljegren.
5:06 of 2nd period - Stopped by Jake Allen without a rebound.
5:07 of 2nd period - Morgan Frost wins face-off versus Sam Carrick in Bears zone.
5:14 of 2nd period - Slapshot by Tanner Laczynski.
5:14 of 2nd period - Deflect By Tyson Jost.
5:14 of 2nd period - Stopped by Jake Allen without a rebound.
5:15 of 2nd period - Elias Lindholm wins face-off versus Angelo Esposito in Bears zone.
5:16 of 2nd period - Snap shot by Drake Batherson.
5:16 of 2nd period - Shot Blocked by Mikko Vainonen.
5:18 of 2nd period - Wrist shot by Drake Batherson.
5:18 of 2nd period - Goal by Drake Batherson - Bears : 1 - Thunderbirds : 4.
5:18 of 2nd period - Sami Aittokallio enters game.
5:19 of 2nd period - Elias Lindholm wins face-off versus Angelo Esposito in neutral zone.
5:40 of 2nd period - Minor Penalty to Kirill Kaprizov for Roughing.
5:41 of 2nd period - Elias Lindholm wins face-off versus Sam Carrick in Thunderbirds zone.
6:12 of 2nd period - Wrist shot by Joey Laleggia.
6:12 of 2nd period - Deflect By Nicolas Aube-Kubel.
6:12 of 2nd period - Shot Misses the Net.
6:12 of 2nd period - Puck is out of play.
6:13 of 2nd period - Elias Lindholm wins face-off versus Kerby Rychel in Thunderbirds zone.
6:56 of 2nd period - Kale Clague is hit by Sam Carrick and loses puck.
7:40 of 2nd period - Penalty to Kirill Kaprizov is over, Kirill Kaprizov is back on ice.
7:47 of 2nd period - Wrist shot by Mike Hoffman.
7:47 of 2nd period - Shot Misses the Net.
7:49 of 2nd period - Snap shot by Vincent Dunn.
7:49 of 2nd period - Stopped by Carter Hutton with a rebound.
8:13 of 2nd period - Wrist shot by Austin Czarnik.
8:13 of 2nd period - Stopped by Carter Hutton with a rebound.
8:15 of 2nd period - Slapshot by Michael Prapavessis.
8:15 of 2nd period - Shot Misses the Net.
8:17 of 2nd period - Wrist shot by Jamie McGinn.
8:17 of 2nd period - Shot Blocked by Dominik Kahun.
8:47 of 2nd period - Jacob Larsson is hit by Austin Czarnik and loses puck.
9:00 of 2nd period - Jacob Larsson is hit by Kerby Rychel.
10:57 of 2nd period - Slapshot by Austin Czarnik.
10:57 of 2nd period - Stopped by Carter Hutton without a rebound.
10:58 of 2nd period - Morgan Frost wins face-off versus Colby Cave in Thunderbirds zone.
11:03 of 2nd period - Gianluca Curcuruto is hit by Timothy Liljegren and loses puck.
11:10 of 2nd period - Austin Czarnik is hit by Radim Simek and loses puck.
11:19 of 2nd period - Wrist shot by Morgan Frost.
11:19 of 2nd period - Goal by Morgan Frost - Bears : 1 - Thunderbirds : 5.
11:20 of 2nd period - Kerby Rychel wins face-off versus Elias Lindholm in neutral zone.
11:35 of 2nd period - Joey Laleggia is hit by Elias Lindholm and loses puck.
11:46 of 2nd period - Sam Carrick is hit by Morgan Geekie and loses puck.
12:21 of 2nd period - Slapshot by Max Friberg.
12:21 of 2nd period - Deflect By Dominik Kahun.
12:21 of 2nd period - Shot Misses the Net.
12:21 of 2nd period - Puck is out of play.
12:22 of 2nd period - Patrick Brown wins face-off versus Angelo Esposito in Thunderbirds zone.
12:22 of 2nd period - Patrick Brown is hit by Derek Forbort.
12:53 of 2nd period - Snap shot by Kirill Kaprizov.
12:53 of 2nd period - Shot Misses the Net.
13:11 of 2nd period - Gianluca Curcuruto is hit by Kale Clague and loses puck.
13:25 of 2nd period - Off-side.
13:26 of 2nd period - Dominik Kahun wins face-off versus Angelo Esposito in neutral zone.
13:29 of 2nd period - Slapshot by Griffin Reinhart.
13:29 of 2nd period - Shot Misses the Net.
13:51 of 2nd period - Mike Hoffman is hit by Anthony Beauvillier.
13:55 of 2nd period - Wrist shot by Anthony Beauvillier.
13:55 of 2nd period - Goal by Anthony Beauvillier - Bears : 1 - Thunderbirds : 6.
13:56 of 2nd period - Elias Lindholm wins face-off versus Sam Carrick in neutral zone.
14:07 of 2nd period - Snap shot by Kirill Kaprizov.
14:07 of 2nd period - Shot Blocked by Mikko Vainonen.
14:09 of 2nd period - Slapshot by Filip Hronek.
14:09 of 2nd period - Stopped by Sami Aittokallio with a rebound.
14:18 of 2nd period - Icing by Joey Laleggia.
14:19 of 2nd period - Patrick Brown wins face-off versus Sam Carrick in Bears zone.
14:32 of 2nd period - Snap shot by Anthony Beauvillier.
14:32 of 2nd period - Shot Hit the Post.
14:48 of 2nd period - Wrist shot by Kirill Kaprizov.
14:48 of 2nd period - Deflect By Drake Batherson.
14:48 of 2nd period - Goal by Drake Batherson - Bears : 1 - Thunderbirds : 7.
14:49 of 2nd period - Elias Lindholm wins face-off versus Angelo Esposito in neutral zone.
15:02 of 2nd period - Slapshot by Kirill Kaprizov.
15:02 of 2nd period - Shot Misses the Net.
15:17 of 2nd period - Backhand shot by Mikko Vainonen.
15:17 of 2nd period - Shot Misses the Net.
15:19 of 2nd period - Slapshot by Joey Laleggia.
15:19 of 2nd period - Shot Misses the Net.
15:21 of 2nd period - Slapshot by Kerby Rychel.
15:21 of 2nd period - Shot Misses the Net.
15:23 of 2nd period - Slapshot by Mikko Vainonen.
15:23 of 2nd period - Stopped by Carter Hutton with a rebound.
15:25 of 2nd period - Snap shot by Joey Laleggia.
15:25 of 2nd period - Stopped by Carter Hutton without a rebound.
15:26 of 2nd period - Elias Lindholm wins face-off versus Vincent Dunn in Thunderbirds zone.
15:35 of 2nd period - Wrist shot by Drake Batherson.
15:35 of 2nd period - Stopped by Sami Aittokallio with a rebound.
16:08 of 2nd period - Petr Straka is hit by Joshua Leivo and loses puck.
16:42 of 2nd period - Off-side.
16:43 of 2nd period - Elias Lindholm wins face-off versus Angelo Esposito in neutral zone.
16:54 of 2nd period - Slapshot by Elias Lindholm.
16:54 of 2nd period - Shot Blocked by Derek Forbort.
17:08 of 2nd period - Derek Forbort is hit by Patrick Brown and loses puck.
17:37 of 2nd period - Austin Czarnik is hit by Jacob Larsson and loses puck.
17:48 of 2nd period - Elias Lindholm is hit by A.J. Jenks and loses puck.
18:24 of 2nd period - Slapshot by Tommy Vannelli.
18:24 of 2nd period - Stopped by Carter Hutton with a rebound.
18:26 of 2nd period - Slapshot by Jamie McGinn.
18:26 of 2nd period - Shot Blocked by Kale Clague.
18:28 of 2nd period - Slapshot by Mikko Vainonen.
18:28 of 2nd period - Shot Blocked by Jacob Larsson.
18:30 of 2nd period - Slapshot by Mikko Vainonen.
18:30 of 2nd period - Deflect By Austin Czarnik.
18:30 of 2nd period - Stopped by Carter Hutton with a rebound.
18:32 of 2nd period - Snap shot by Austin Czarnik.
18:32 of 2nd period - Shot Misses the Net.
18:43 of 2nd period - Off-side.
18:44 of 2nd period - A.J. Jenks wins face-off versus Morgan Frost in neutral zone.
18:53 of 2nd period - Wrist shot by Nicolas Aube-Kubel.
18:53 of 2nd period - Goal by Nicolas Aube-Kubel - Bears : 2 - Thunderbirds : 7.
18:54 of 2nd period - Elias Lindholm wins face-off versus Kerby Rychel in neutral zone.
18:57 of 2nd period - Slapshot by Griffin Reinhart.
18:57 of 2nd period - Shot Blocked by Max Friberg.
19:23 of 2nd period - Mikko Vainonen is hit by Patrick Brown and loses puck.
19:48 of 2nd period - Wrist shot by Mike Hoffman.
19:48 of 2nd period - Shot Misses the Net.
19:50 of 2nd period - Slapshot by Mikko Vainonen.
19:50 of 2nd period - Stopped by Carter Hutton with a rebound.
19:52 of 2nd period - Slapshot by Joey Laleggia.
19:52 of 2nd period - Stopped by Carter Hutton without a rebound.
19:53 of 2nd period - Sam Carrick wins face-off versus Elias Lindholm in Thunderbirds zone.
Goals for this period are 2 for Bears vs 4 for Thunderbirds.
Shots for this period are 17 for Bears vs 10 for Thunderbirds.
3rd period
0:01 of 3rd period - Elias Lindholm wins face-off versus Sam Carrick in neutral zone.
0:06 of 3rd period - Wrist shot by Drake Batherson.
0:06 of 3rd period - Stopped by Sami Aittokallio with a rebound.
0:08 of 3rd period - Wrist shot by Griffin Reinhart.
0:08 of 3rd period - Stopped by Sami Aittokallio without a rebound.
0:09 of 3rd period - Elias Lindholm wins face-off versus Sam Carrick in Bears zone.
1:07 of 3rd period - Slapshot by Drake Batherson.
1:07 of 3rd period - Deflect By Mikko Vainonen.
1:07 of 3rd period - Stopped by Sami Aittokallio with a rebound.
1:09 of 3rd period - Snap shot by Elias Lindholm.
1:09 of 3rd period - Deflect By Kirill Kaprizov.
1:09 of 3rd period - Shot Misses the Net.
1:09 of 3rd period - Puck is out of play.
1:10 of 3rd period - Patrick Brown wins face-off versus Angelo Esposito in Bears zone.
1:19 of 3rd period - Snap shot by A.J. Jenks.
1:19 of 3rd period - Shot Blocked by Timothy Liljegren.
1:56 of 3rd period - Jacob Larsson is hit by Derek Forbort and loses puck.
2:07 of 3rd period - Morgan Geekie is hit by Gianluca Curcuruto and loses puck.
2:22 of 3rd period - Snap shot by Petr Straka.
2:22 of 3rd period - Stopped by Sami Aittokallio with a rebound.
2:30 of 3rd period - Slapshot by Dominik Kahun.
2:30 of 3rd period - Shot Blocked by Austin Czarnik.
2:32 of 3rd period - Snap shot by Jacob Larsson.
2:32 of 3rd period - Deflect By Petr Straka.
2:32 of 3rd period - Goal by Petr Straka - Bears : 2 - Thunderbirds : 8.
2:32 of 3rd period - Jake Allen enters game.
2:33 of 3rd period - Angelo Esposito wins face-off versus Anthony Beauvillier in neutral zone.
2:48 of 3rd period - Snap shot by Nicolas Aube-Kubel.
2:48 of 3rd period - Stopped by Carter Hutton with a rebound.
3:07 of 3rd period - Snap shot by Kerby Rychel.
3:07 of 3rd period - Shot Blocked by Kirill Kaprizov.
3:21 of 3rd period - Colby Cave is hit by Kirill Kaprizov and loses puck.
3:42 of 3rd period - Backhand shot by Griffin Reinhart.
3:42 of 3rd period - Deflect By Morgan Frost.
3:42 of 3rd period - Shot Misses the Net.
3:42 of 3rd period - Puck is out of play.
3:43 of 3rd period - Morgan Frost wins face-off versus Vincent Dunn in Bears zone.
3:44 of 3rd period - Snap shot by Tanner Laczynski.
3:44 of 3rd period - Shot Misses the Net.
4:04 of 3rd period - Slapshot by Joshua Leivo.
4:04 of 3rd period - Shot Misses the Net.
4:10 of 3rd period - Joshua Leivo is hit by Patrick Brown and loses puck.
4:17 of 3rd period - Snap shot by Anthony Beauvillier.
4:17 of 3rd period - Goal by Anthony Beauvillier - Bears : 2 - Thunderbirds : 9.
4:18 of 3rd period - Angelo Esposito wins face-off versus Patrick Brown in neutral zone.
4:45 of 3rd period - Mikko Vainonen is hit by Elias Lindholm and loses puck.
5:30 of 3rd period - Minor Penalty to Kale Clague for Roughing.
5:31 of 3rd period - Sam Carrick wins face-off versus Elias Lindholm in Thunderbirds zone.
5:35 of 3rd period - Wrist shot by Max Friberg.
5:35 of 3rd period - Stopped by Carter Hutton with a rebound.
5:37 of 3rd period - Slapshot by Sam Carrick.
5:37 of 3rd period - Stopped by Carter Hutton with a rebound.
5:39 of 3rd period - Snap shot by Max Friberg.
5:39 of 3rd period - Stopped by Carter Hutton with a rebound.
5:41 of 3rd period - Slapshot by Derek Forbort.
5:41 of 3rd period - Shot Misses the Net.
5:43 of 3rd period - Wrist shot by Kerby Rychel.
5:43 of 3rd period - Shot Misses the Net.
6:03 of 3rd period - Tommy Vannelli is hit by Filip Hronek.
6:35 of 3rd period - Icing by A.J. Jenks.
6:36 of 3rd period - Petr Straka wins face-off versus Angelo Esposito in Bears zone.
6:37 of 3rd period - Snap shot by Blake Geoffrion.
6:37 of 3rd period - Stopped by Jake Allen with a rebound.
6:40 of 3rd period - Icing by Joey Laleggia.
6:41 of 3rd period - Petr Straka wins face-off versus Angelo Esposito in Bears zone.
7:06 of 3rd period - Snap shot by A.J. Jenks.
7:06 of 3rd period - Shot Blocked by Elias Lindholm.
7:14 of 3rd period - Snap shot by A.J. Jenks.
7:14 of 3rd period - Shot Blocked by Filip Hronek.
7:16 of 3rd period - Snap shot by Angelo Esposito.
7:16 of 3rd period - Deflect By Nicolas Aube-Kubel.
7:16 of 3rd period - Goal by Nicolas Aube-Kubel - Bears : 3 - Thunderbirds : 9.
7:17 of 3rd period - Sam Carrick wins face-off versus Anthony Beauvillier in neutral zone.
7:29 of 3rd period - Snap shot by Blake Geoffrion.
7:29 of 3rd period - Stopped by Jake Allen without a rebound.
7:30 of 3rd period - Angelo Esposito wins face-off versus Elias Lindholm in Bears zone.
7:43 of 3rd period - Backhand shot by A.J. Jenks.
7:43 of 3rd period - Stopped by Carter Hutton with a rebound.
7:45 of 3rd period - Slapshot by Joey Laleggia.
7:45 of 3rd period - Deflect By Elias Lindholm.
7:45 of 3rd period - Stopped by Carter Hutton without a rebound.
7:46 of 3rd period - Sam Carrick wins face-off versus Patrick Brown in Thunderbirds zone.
8:19 of 3rd period - Wrist shot by Nicolas Aube-Kubel.
8:19 of 3rd period - Deflect By Angelo Esposito.
8:19 of 3rd period - Shot Blocked by Kirill Kaprizov.
8:19 of 3rd period - Puck is out of play.
8:20 of 3rd period - Elias Lindholm wins face-off versus Angelo Esposito in Thunderbirds zone.
8:42 of 3rd period - Icing by Timothy Liljegren.
8:43 of 3rd period - Patrick Brown wins face-off versus Sam Carrick in Thunderbirds zone.
8:58 of 3rd period - Wrist shot by Max Friberg.
8:58 of 3rd period - Shot Misses the Net.
9:25 of 3rd period - Snap shot by Anthony Beauvillier.
9:25 of 3rd period - Deflect By Patrick Brown.
9:25 of 3rd period - Shot Blocked by Mikko Vainonen.
9:25 of 3rd period - Puck is out of play.
9:26 of 3rd period - Elias Lindholm wins face-off versus Angelo Esposito in Bears zone.
9:29 of 3rd period - Snap shot by Drake Batherson.
9:29 of 3rd period - Deflect By Elias Lindholm.
9:29 of 3rd period - Shot Misses the Net.
9:29 of 3rd period - Puck is out of play.
9:30 of 3rd period - Angelo Esposito wins face-off versus Elias Lindholm in Bears zone.
10:01 of 3rd period - Wrist shot by Max Friberg.
10:01 of 3rd period - Deflect By Kerby Rychel.
10:01 of 3rd period - Stopped by Carter Hutton with a rebound.
10:03 of 3rd period - Slapshot by Tommy Vannelli.
10:03 of 3rd period - Shot Blocked by Griffin Reinhart.
10:05 of 3rd period - Wrist shot by Sam Carrick.
10:05 of 3rd period - Shot Misses the Net.
10:39 of 3rd period - Snap shot by Vincent Dunn.
10:39 of 3rd period - Goal by Vincent Dunn - Bears : 4 - Thunderbirds : 9.
10:40 of 3rd period - Kirill Kaprizov wins face-off versus Sam Carrick in neutral zone.
10:45 of 3rd period - Snap shot by Drake Batherson.
10:45 of 3rd period - Shot Misses the Net.
10:50 of 3rd period - Off-side.
10:51 of 3rd period - Angelo Esposito wins face-off versus Elias Lindholm in neutral zone.
10:56 of 3rd period - Snap shot by A.J. Jenks.
10:56 of 3rd period - Goal by A.J. Jenks - Bears : 5 - Thunderbirds : 9.
10:57 of 3rd period - A.J. Jenks wins face-off versus Elias Lindholm in neutral zone.
11:23 of 3rd period - Joey Laleggia is hit by Patrick Brown and loses puck.
11:34 of 3rd period - Wrist shot by Blake Geoffrion.
11:34 of 3rd period - Shot Misses the Net.
11:56 of 3rd period - Snap shot by Mike Hoffman.
11:56 of 3rd period - Stopped by Carter Hutton without a rebound.
11:57 of 3rd period - Elias Lindholm wins face-off versus Angelo Esposito in Thunderbirds zone.
12:04 of 3rd period - Griffin Reinhart is hit by A.J. Jenks and loses puck.
12:11 of 3rd period - Snap shot by A.J. Jenks.
12:11 of 3rd period - Shot Blocked by Drake Batherson.
12:59 of 3rd period - Snap shot by Tanner Laczynski.
12:59 of 3rd period - Shot Misses the Net.
14:06 of 3rd period - Snap shot by Petr Straka.
14:06 of 3rd period - Stopped by Jake Allen without a rebound.
14:07 of 3rd period - Angelo Esposito wins face-off versus Elias Lindholm in Bears zone.
14:34 of 3rd period - Gianluca Curcuruto is hit by Griffin Reinhart and loses puck.
14:55 of 3rd period - Jacob Larsson is hit by Joshua Leivo and loses puck.
15:00 of 3rd period - Wrist shot by Mike Hoffman.
15:00 of 3rd period - Deflect By Joshua Leivo.
15:00 of 3rd period - Shot Blocked by Jacob Larsson.
15:00 of 3rd period - Puck is out of play.
15:01 of 3rd period - Elias Lindholm wins face-off versus Angelo Esposito in Thunderbirds zone.
15:14 of 3rd period - Snap shot by A.J. Jenks.
15:14 of 3rd period - Shot Blocked by Griffin Reinhart.
15:20 of 3rd period - Mikko Vainonen is hit by Drake Batherson and loses puck.
15:56 of 3rd period - Off-side.
15:57 of 3rd period - Morgan Frost wins face-off versus Vincent Dunn in neutral zone.
16:30 of 3rd period - Snap shot by Drake Batherson.
16:30 of 3rd period - Shot Blocked by Derek Forbort.
16:32 of 3rd period - Wrist shot by Elias Lindholm.
16:32 of 3rd period - Stopped by Jake Allen with a rebound.
16:34 of 3rd period - Wrist shot by Kirill Kaprizov.
16:34 of 3rd period - Stopped by Jake Allen with a rebound.
16:58 of 3rd period - Angelo Esposito is hit by Kale Clague and loses puck.
17:11 of 3rd period - Snap shot by Jamie McGinn.
17:11 of 3rd period - Stopped by Carter Hutton with a rebound.
17:13 of 3rd period - Snap shot by Tommy Vannelli.
17:13 of 3rd period - Shot Misses the Net.
17:15 of 3rd period - Wrist shot by Jamie McGinn.
17:15 of 3rd period - Stopped by Carter Hutton without a rebound.
17:16 of 3rd period - Elias Lindholm wins face-off versus Sam Carrick in Thunderbirds zone.
17:41 of 3rd period - Griffin Reinhart is hit by Mikko Vainonen and loses puck.
17:48 of 3rd period - Snap shot by Nicolas Aube-Kubel.
17:48 of 3rd period - Shot Blocked by Griffin Reinhart.
17:50 of 3rd period - Snap shot by A.J. Jenks.
17:50 of 3rd period - Stopped by Carter Hutton with a rebound.
17:52 of 3rd period - Wrist shot by Nicolas Aube-Kubel.
17:52 of 3rd period - Goal by Nicolas Aube-Kubel - Bears : 6 - Thunderbirds : 9.
17:53 of 3rd period - Sam Carrick wins face-off versus Elias Lindholm in neutral zone.
17:56 of 3rd period - Slapshot by Mikko Vainonen.
17:56 of 3rd period - Shot Blocked by Griffin Reinhart.
18:06 of 3rd period - Snap shot by Max Friberg.
18:06 of 3rd period - Stopped by Carter Hutton without a rebound.
18:07 of 3rd period - Patrick Brown wins face-off versus Angelo Esposito in Thunderbirds zone.
18:07 of 3rd period - Patrick Brown is hit by A.J. Jenks.
19:05 of 3rd period - Slapshot by Mikko Vainonen.
19:05 of 3rd period - Deflect By Colby Cave.
19:05 of 3rd period - Shot Misses the Net.
19:05 of 3rd period - Puck is out of play.
19:06 of 3rd period - Angelo Esposito wins face-off versus Patrick Brown in Thunderbirds zone.
19:22 of 3rd period - Icing by Radim Simek.
19:23 of 3rd period - Sam Carrick wins face-off versus Patrick Brown in Thunderbirds zone.
19:26 of 3rd period - Snap shot by Max Friberg.
19:26 of 3rd period - Deflect By Sam Carrick.
19:26 of 3rd period - Shot Blocked by Radim Simek.
19:26 of 3rd period - Puck is out of play.
19:27 of 3rd period - Elias Lindholm wins face-off versus Sam Carrick in Thunderbirds zone.
19:38 of 3rd period - Off-side.
19:39 of 3rd period - Drake Batherson wins face-off versus Angelo Esposito in neutral zone.
19:49 of 3rd period - Slapshot by Joey Laleggia.
19:49 of 3rd period - Stopped by Carter Hutton without a rebound.
19:50 of 3rd period - Drake Batherson wins face-off versus Sam Carrick in Thunderbirds zone.
Goals for this period are 4 for Bears vs 2 for Thunderbirds.
Shots for this period are 17 for Bears vs 11 for Thunderbirds.